 Dungeon Crawl Stone Soup version 0.22-a0-282-gdd34a7d (webtiles) character file.

1302 Amnesiac the Ducker (level 8, 0/50 HPs)
             Began as a Tengu Wizard on Mar 17, 2018.
             Slain by a wight
             ... wielding a +3 dire flail
              (1 damage)
             ... on level 6 of the Dungeon.
             The game lasted 00:09:05 (6873 turns).

Amnesiac the Ducker (Tengu Wizard)                  Turns: 6873, Time: 00:09:05

Health: 0/50       AC:  5    Str:  7    XL:     8   Next: 57%
Magic:  4/13       EV: 14    Int: 22    God:
Gold:   215        SH:  0    Dex: 12    Spells: 2/13 levels left

rFire    + . .     SeeInvis .   t - +0 short sword (distort)
rCold    x . .     Gourm    .   (no shield)
rNeg     . . .     Faith    .   B - +0 robe (curse)
rPois    .         Spirit   .   b - +0 hat
rElec    .         Reflect  .   D - +0 cloak
rCorr    .         Harm     .   n - +1 pair of gloves
MR       .....                  (boots unavailable)
Stlth    ++........             E - amulet of the acrobat
HPRegen  0.16/turn              e - ring of fire
MPRegen  0.13/turn              h - +2 ring of slaying

@: drained
A: beak, talons 3, able to fly 1
a: Fly


You were on level 6 of the Dungeon.
You were hungry.

You visited 1 branch of the dungeon, and saw 6 of its levels.

You collected 215 gold pieces.

Inventory:

Hand Weapons
 t - a +0 short sword of distortion (weapon)
 x - a +2 whip of electrocution
 F - a +1 dagger of venom
Armour
 b - a +0 hat (worn)
 n - a +1 pair of gloves (worn)
 o - a +0 shield
 B - a cursed +0 robe (worn)
 D - a +0 cloak (worn)
Jewellery
 e - a ring of fire (left hand)
 h - a +2 ring of slaying (right hand)
 E - an amulet of the acrobat (around neck)
Wands
 u - a wand of random effects (6)
 y - a wand of flame (16)
 A - a wand of iceblast (9)
Scrolls
 c - a scroll of immolation {!r, unknown}
 g - 2 scrolls of enchant weapon {!r, unknown}
 q - 5 scrolls of teleportation {!r, unknown}
 r - 2 scrolls of remove curse {!r}
 s - a scroll of amnesia {!r, unknown}
 v - 3 scrolls of identify {!r, unknown}
 z - a scroll of fog {!r, unknown}
Potions
 f - a potion of curing {!q}
 i - a potion of cancellation {!q, unknown}
 j - a potion of heal wounds {!q}
 k - 2 potions of flight {!q, unknown}
 l - 2 potions of lignification {!q, unknown}
 m - 3 potions of brilliance {!q, unknown}
 p - 2 potions of might {!q, unknown}
 w - a potion of resistance {!q, unknown}
 C - a potion of invisibility {!q, unknown}
Comestibles
 d - 9 rations


   Skills:
 * Level 5.6(5.0) Fighting
 * Level 6.2(5.6) Dodging
 - Level 2.0(1.4) Stealth
 - Level 4.0(3.4) Shields
 - Level 3.0(2.3) Spellcasting
 - Level 6.0(5.3) Conjurations
 - Level 1.2(0.6) Summonings
 - Level 0.7(0.1) Translocations


You had 2 spell levels left.
You knew the following spells:

 Your Spells              Type           Power        Failure   Level  Hunger
a - Magic Dart            Conj           ####         1%          1    None
b - Call Imp              Summ           #.......     16%         2    ##.....
e - Mephitic Cloud        Conj/Pois/Air  ##......     19%         3    ###....
s - Conjure Flame         Conj/Fire      ###.....     13%         3    ###....
v - Blink                 Tloc           N/A          19%         2    ##.....


Dungeon Overview and Level Annotations

Branches:
Dungeon (6/15)
 Temple: D:4-7

Altars:
Okawaru
Ru
Yredelemnul


Innate Abilities, Weirdness & Mutations

You have a beak for a mouth.
You have claws for feet.
You can fly.


Message History

The wight misses you.
The wight barely misses your shadow imp.
The wight is destroyed!
Your life force feels restored.
Casting: Call Imp (safe; 12% risk of failure)
Confirm with . or Enter, or press ? or * to list all spells.
Aiming: Magic Dart (safe; 1% risk of failure)
Press: ? - help, Shift-Dir - straight line, f - orc priest
Aim: an orc priest, wielding a war axe and wearing a leather armour (moderately wounded, confused)
The magic dart hits the orc priest.
The orc priest is moderately wounded.
What are your orders? t - Shout!
Orders for allies: a - Attack new target. p - Attack previous target. r - Retreat! s - Stop attacking. g - Guard the area. f - Follow me.
Anything else - Cancel.
Gang up on whom?
Press: ? - help, Dir - move target cursor, f/p - orc priest
Aim: an orc priest, wielding a war axe and wearing a leather armour (moderately wounded, confused) Attack!
Things that are here:
an enchanted battleaxe; a robe; 14 gold pieces
Items here: )) [[ a halberd; a robe; an enchanted falchion; a robe
Okay, then.
The wight hits your shadow imp with an enchanted dire flail.
Things that are here:
an enchanted battleaxe; a robe; 14 gold pieces There isn't anything to butcher here.
You now have 215 gold pieces (gained 14).
The wight hits your shadow imp with an enchanted dire flail!
Your shadow imp dies!
Casting: Magic Dart (safe; 1% risk of failure)
Confirm with . or Enter, or press ? or * to list all spells.
Aiming: Magic Dart (safe; 1% risk of failure)
Press: ? - help, Shift-Dir - straight line, f/p - orc priest
Aim: an orc priest, wielding a war axe and wearing a leather armour (moderately wounded, confused)
The magic dart hits the orc priest.
The orc priest is severely wounded.
Unknown command.
Casting: Magic Dart (safe; 1% risk of failure)
Confirm with . or Enter, or press ? or * to list all spells.
A beastly little devil appears in a puff of flame.
Casting: Call Imp (safe; 12% risk of failure)
Confirm with . or Enter, or press ? or * to list all spells.
Aiming: Magic Dart (safe; 1% risk of failure)
Press: ? - help, Shift-Dir - straight line, f/p - orc priest
Aim: an orc priest, wielding a war axe and wearing a leather armour (severely wounded, confused)
The magic dart hits the wight.
The wight is lightly damaged.
The wight hits you with an enchanted dire flail.
* * * LOW HITPOINT WARNING * * *
You feel drained.
* * * LOW HITPOINT WARNING * * *
A hound comes into view.
The hound barks!
The orc wizard hits the orc priest with a dagger.
The orc priest misses your crimson imp.
There is a stone staircase leading up here.
The wight hits you with an enchanted dire flail!
* * * LOW HITPOINT WARNING * * *
You feel drained.
You die...

## ####### #.##......####....
...#.....## #>##......# #....
..........###.##......####....
..............................
.......[.....h.....o..#####...
...........##.##..5...#####...
...........##[##)....o#.......
...........#.[.)#####...######
..........##.@z.# ##.###
...#.....###....####..#
########## #....##...##
#.......### #....#### #....#
#....# #....# ######


You could see a hound, a wight, an orc priest (confused) and a friendly crimson
imp.

Vanquished Creatures
  The ghost of Amnesiac the Gusty, an amateur TeAE of Sif Muna (D:4)
  An orc warrior (D:5)
  A sky beast (D:5)
  A phantom (D:5)
  An ogre (D:5)
  A bullfrog (D:5)
  2 scorpions
  3 wights
  A howler monkey (D:5)
  A hound (D:5)
  Jessica (D:3)
  Ijyb (D:3)
  4 orc wizards
  3 worker ants
  A worker ant zombie (D:6)
  2 adders
  An adder skeleton (D:4)
  2 worms (D:3)
  A dart slug (D:2)
  3 leopard geckos
  18 orcs
  2 ball pythons
  5 bats
  7 giant cockroaches
  3 hobgoblins
  2 jackals (D:5)
  7 quokkas
  A frilled lizard (D:2)
  9 goblins
  12 kobolds
  A leopard gecko skeleton (D:4)
  A leopard gecko zombie (D:2)
  2 rats
102 creatures vanquished.

Vanquished Creatures (collateral kills)
  A wight (D:6)
  An adder (D:3)
  An orc (D:3)
3 creatures vanquished.

Vanquished Creatures (others)
  A bullfrog zombie (D:5)
  An orc (D:4)
2 creatures vanquished.

Grand Total: 107 creatures vanquished

Notes
Turn   | Place    | Note
-------+----------+-------------------------------------------
     0 | D:1      | Amnesiac the Tengu Wizard began the quest for the Orb.
     0 | D:1      | Reached XP level 1. HP: 10/10 MP: 5/5
   327 | D:1      | Reached XP level 2. HP: 15/15 MP: 0/7
   640 | D:2      | Learned a level 2 spell: Call Imp
   941 | D:2      | Reached XP level 3. HP: 19/19 MP: 5/8
  1105 | D:2      | Learned a level 3 spell: Mephitic Cloud
  1567 | D:3      | Reached skill level 1 in Shields
  1567 | D:3      | Reached XP level 4. HP: 23/24 MP: 0/9
  1796 | D:3      | Noticed Jessica
  1803 | D:3      | Killed Jessica
  1803 | D:3      | Reached skill level 5 in Conjurations
  2307 | D:3      | Gained mutation: You can fly. [Tengu growth]
  2307 | D:3      | Reached XP level 5. HP: 28/28 MP: 6/10
  2603 | D:3      | Noticed Ijyb
  2673 | D:3      | Found a basalt altar of Yredelemnul.
  2722 | D:3      | Killed Ijyb
  3011 | D:4      | Noticed Amnesiac's ghost (amateur TeAE)
  3624 | D:4      | Reached XP level 6. HP: 23/32 MP: 11/11
  3629 | D:4      | Learned a level 3 spell: Conjure Flame
  3632 | D:4      | Learned a level 2 spell: Blink
  3748 | D:5      | Entered Level 5 of the Dungeon
  3863 | D:5      | Reached skill level 1 in Fighting
  4094 | D:5      | Found a sacrificial altar of Ru.
  4274 | D:5      | Noticed a phantom
  4275 | D:5      | Reached XP level 7. HP: 36/40 MP: 5/12
  4759 | D:5      | Found an iron altar of Okawaru.
  5615 | D:5      | Reached skill level 5 in Dodging
  5615 | D:5      | Reached XP level 8. HP: 48/48 MP: 3/13
  6173 | D:4      | HP: 2/48 [Amnesiac's ghost (6)]
  6174 | D:4      | Killed Amnesiac's ghost
  6174 | D:4      | Reached skill level 5 in Fighting
  6873 | D:6      | HP: 1/50 [wight/enchanted dire flail (12)]
  6873 | D:6      | Slain by a wight

Vault maps used:
D:1:      dpeg_arrival_rooms_b
D:3:      nicolae_overflow_hidden_temple, first_ration, minivault_27,
          uniq_jessica, uniq_ijyb
D:4:      kennysheep_spiral_hall
D:5:      okawaru_gym_becter, nicolae_ru_sacrificial_ziggurat
D:6:      lemuel_doored_altar, temple_pool_b

Skill      XL: |  1  2  3  4  5  6  7  8 |
---------------+-------------------------+-----
Conjurations   | 2 3 4 5 6 |  6.0
Shields        | 1 4 |  4.0
Fighting       | 2 4 5 |  5.6
Dodging        | 3 5 6 |  6.2
Stealth        | |  2.0
Spellcasting   | |  3.0
Summonings     | |  1.2
Translocations | |  0.7

Action                   |  1- 3 |  4- 6 |  7- 9 || total
-------------------------+-------+-------+-------++-------
Melee: Unarmed           |     5 |     1 |       ||     6
       Peck              |     3 |     5 |    11 ||    19
       Kick              |     1 |     6 |    10 ||    17
       Short sword       |       |    34 |    75 ||   109
 Cast: Magic Dart        |    74 |   100 |   109 ||   283
       Call Imp          |     2 |     2 |     5 ||     9
       Mephitic Cloud    |       |     2 |     3 ||     5
  Use: Scroll            |     1 |       |       ||     1
 Stab: Sleeping          |       |     2 |     1 ||     3
       Confused          |       |     1 |       ||     1
  Eat: Chunk             |     2 |     8 |     8 ||    18
Armor: Robe              |     1 |    16 |    20 ||    37
Dodge: Dodged            |    10 |    34 |    58 ||   102

Table legend:
 A = Spawn XP
 B = Non-spawn XP
 C = Spawn XP percentage of total XP
 D = Spawn monster count
 E = Non-spawn monster count
 F = Spawn count percentage of total count
 G = Total turns spent on level
                    A         B        C        D         E        F      G
               +---------+---------+-------+---------+---------+-------+---------
         Total |       0 |    1861 |   0.0 |       0 |     106 |   0.0 |  6873
               +---------+---------+-------+---------+---------+-------+---------
           D:1 |       0 |      16 |   0.0 |       0 |      10 |   0.0 |   615
           D:2 |       0 |      37 |   0.0 |       0 |      20 |   0.0 |   940
           D:3 |       0 |     165 |   0.0 |       0 |      25 |   0.0 |  1416
           D:4 |       0 |     370 |   0.0 |       0 |      11 |   0.0 |  1862
           D:5 |       0 |     957 |   0.0 |       0 |      29 |   0.0 |  1788
           D:6 |       0 |     316 |   0.0 |       0 |      11 |   0.0 |   252
               +---------+---------+-------+---------+---------+-------+---------
